AoeStats
← adrazduarte

MegaRandom

509801708Analyzed
3v3 RM · 4d ago on Sep 28, 2026· 65m 10s· 6 players
Game mode
Random Map
Map size
Normal (6 player)
Population
200
Speed
Normal
Resources
Standard
Victory
Conquest
Starting age
Dark Age
Ending age
Imperial Age
RankedLock teamsTeams togetherTeam positionsShared explorationLock speedFull tech treeHidden civsTurbo modeCheats
Victory
Defeat
🇨🇱 Mongols · Chile
1065
+12
🇨🇱 Chinese · Chile
1003
+14
🇦🇷 Britons · Argentina
996
+15
🇦🇷 Mongols · Argentina
1000
-15
🇲🇽 Burgundians · Mexico
974
-14
🇨🇦 Jurchens · Canada
936
-12
adrazduarte
2:47 Loom
10:52 Feudal Age
11:29 Double-Bit Axe
15:21 Bow Saw
23:20 Castle Age
21:46 Horse Collar
22:39 Forging
22:25 Gold Mining
23:22 Scale Barding Armor
23:44 Cavalier
24:53 Chain Barding Armor
26:02 Husbandry
33:14 Wheelbarrow
40:01 Imperial Age
38:07 Light Cavalry
39:53 Two-Man Saw
40:56 Paladin
41:23 Hussar
43:04 Iron Casting
43:50 Conscription
44:49 Plate Barding Armor
45:04 Fletching
46:03 Bodkin Arrow
46:31 Ballistics
46:54 Bracer
46:15 Elite Skirmisher
49:52 Padded Archer Armor
54:47 Blast Furnace
57:25 Leather Archer Armor
57:50 Hand Cart
62:29 Heavy Plow
iachen
13:16 Feudal Age
14:39 Double-Bit Axe
16:21 Horse Collar
20:03 Castle Age
19:18 Wheelbarrow
18:47 Stone Mining
18:51 Gold Mining
22:06 Gold Shaft Mining
22:07 Stone Shaft Mining
25:01 Heavy Plow
28:33 Squires
28:21 Gambesons
28:22 Arson
30:37 Bow Saw
33:28 Hand Cart
34:06 Forging
33:56 Scale Mail Armor
36:54 Imperial Age
35:56 Iron Casting
37:32 Elite Fire Lancer
38:40 Conscription
39:28 Elite Iron Pagoda
45:24 Blast Furnace
44:32 Scale Barding Armor
45:23 Crop Rotation
48:55 Chain Mail Armor
49:00 Chain Barding Armor
52:33 Husbandry
59:53 Pikeman
62:24 Bloodlines
61:38 Light Cavalry
62:18 Hussar
juan.uquia
3:07 Loom
10:38 Feudal Age
12:24 Wheelbarrow
11:44 Double-Bit Axe
11:55 Horse Collar
17:18 Wheelbarrow
21:11 Castle Age
19:01 Town Watch
19:43 Gold Mining
21:11 Bloodlines
21:10 Scale Barding Armor
21:16 Forging
24:15 Bow Saw
25:44 Forging
27:11 Hand Cart
32:12 Fletching
32:23 Padded Archer Armor
32:28 Husbandry
33:28 Ballistics
34:43 Town Patrol
37:35 Imperial Age
35:48 Heavy Plow
35:45 Stone Mining
37:28 Chain Barding Armor
38:19 Iron Casting
38:18 Elite Steppe Lancer
40:28 Blast Furnace
39:27 Bodkin Arrow
40:44 Chemistry
40:26 Conscription
41:09 Bracer
42:02 Leather Archer Armor
41:57 Thumb Ring
41:13 Elite Skirmisher
44:16 Parthian Tactics
46:25 Elite Mangudai
50:04 Capped Ram
51:56 Drill
51:01 Siege Ram
51:13 Onager
53:18 Heavy Scorpion
Paalosh
5:10 Loom
10:41 Feudal Age
12:30 Double-Bit Axe
12:52 Horse Collar
21:34 Castle Age
22:59 Bow Saw
23:00 Fletching
23:10 Padded Archer Armor
23:21 Husbandry
23:33 Bloodlines
23:41 Bodkin Arrow
23:59 Gold Mining
28:32 Wheelbarrow
29:24 Gold Shaft Mining
31:37 Town Watch
33:36 Thumb Ring
35:42 Ballistics
39:31 Imperial Age
36:42 Light Cavalry
38:16 Scale Barding Armor
38:27 Leather Archer Armor
38:22 Forging
39:17 Hand Cart
42:28 Conscription
41:29 Elite Mangudai
43:51 Chemistry
43:26 Parthian Tactics
43:05 Bracer
43:26 Chain Barding Armor
51:04 Hussar
61:25 Iron Casting
felix1997
5:52 Loom
11:02 Feudal Age
13:16 Double-Bit Axe
14:30 Gold Mining
18:26 Castle Age
17:20 Stone Mining
17:52 Horse Collar
20:12 Bow Saw
24:56 Heavy Plow
28:43 Wheelbarrow
27:58 Town Watch
29:41 Hand Cart
30:01 Ballistics
29:52 Masonry
30:47 Gold Shaft Mining
30:16 Fletching
31:54 Padded Archer Armor
35:49 Imperial Age
34:28 Squires
34:14 Arson
33:49 Pikeman
34:27 Bodkin Arrow
35:35 Leather Archer Armor
35:47 Yeomen
36:14 Scale Mail Armor
36:58 Conscription
36:38 Elite Longbowman
38:10 Hoardings
38:10 Bracer
38:44 Architecture
39:38 Ring Archer Armor
39:36 Chain Mail Armor
41:35 Chemistry
42:27 Plate Mail Armor
42:08 Forging
41:21 Halberdier
46:55 Iron Casting
47:15 Murder Holes
47:27 Siege Engineers
61:59 Blast Furnace
Wseek
0:36 Loom
12:01 Feudal Age
12:26 Double-Bit Axe
12:23 Horse Collar
25:07 Castle Age
24:04 Gold Mining
24:05 Stone Mining
24:36 Fletching
24:46 Padded Archer Armor
27:46 Heavy Plow
28:43 Gold Shaft Mining
29:20 Stone Shaft Mining
30:14 Pikeman
31:24 Bodkin Arrow
31:44 Leather Archer Armor
32:29 Forging
32:20 Scale Mail Armor
36:24 Iron Casting
36:04 Chain Mail Armor
36:47 Ballistics
37:26 Squires
37:12 Arson
39:23 Wheelbarrow
41:21 Imperial Age
43:07 Wheelbarrow
42:17 Town Watch
45:41 Chemistry
44:46 Bracer
45:16 Ring Archer Armor
49:19 Elite Chu Ko Nu
52:05 Blast Furnace
51:35 Plate Mail Armor
53:57 Bow Saw
56:15 Halberdier
Connection lost

Rejoining the realm…

Still unreachable

The connection could not be restored.

Session expired

The server has moved on; the page needs a fresh start.